[Event "Hungarian Youth-ch U14 2022"]
[Site "Eger"]
[Date "2022.07.30"]
[Round "8.7"]
[White "Kovacs, Reka"]
[Black "Balazs, Sztella Anna"]
[Result "0-1"]
[ECO "C50"]
[WhiteElo "1716"]
[BlackElo "1663"]
[Annotator "NA RC COMBH"]
[PlyCount "120"]
[EventDate "2022.07.21"]
[EventType "tourn"]
[EventCountry "HUN"]
[SourceTitle "playchess.com"]
[Source "ChessBase"]
[SourceQuality "1"]
[TimeControl "40/5400+30:1800+30"]

1. e4 e5 2. Nf3 Nc6 3. Bc4 Bc5 4. O-O Nf6 5. d4 Bxd4 6. Nxd4 Nxd4 7. f4 d6 8. fxe5 dxe5 9. Bg5 Be6 10. Na3 Qd6 11. c3 Nxe4 12. Qa4+ Qc6 13. cxd4 Qxa4 14. Bb5+ Qxb5 15. Nxb5 Nxg5 16. Nxc7+ Ke7 17. Nxa8 Rxa8 18. dxe5 Rc8 19. Rac1 Rxc1 20. Rxc1 Kd7 21. a3 g6 22. Kf2 Bd5 23. Ke3 Ne6 24. g3 Bc6 25. h4 Ng7 26. g4 h5 27. gxh5 Nxh5 28. Rf1 Bd5 29. Kd4 Ng3 30. Rf2 Bb3 31. Rf3 Nf5+ 32. Ke4 Bc2+ 33. Kd5 Ba4 34. Rf2 Bc6+ 35. Kc5 Ke6 36. Rh2 Kxe5 37. h5 gxh5 38. Rxh5 Be4 39. b4 Ke6 40. Rh8 b6+ 41. Kb5 Bd3+ 42. Kc6 Nd6 43. a4 Be4+ 44. Kc7 Nc4 45. Re8+ Kd5 46. Rd8+ Ke5 47. Re8+ Kd4 48. Re7 f5 49. b5 Bc2 50. Rf7 Ke5 51. Kc6 Na5+ 52. Kc7 Bxa4 53. Kb8 Bxb5 54. Kxa7 Nc4 55. Re7+ Kf4 56. Kb7 Kf3 57. Re1 f4 58. Rb1 Ke2 59. Kc7 Ba4 60. Ra1 b5 0-1

[Event "Hungarian Youth-ch U14 2022"]
[Site "Eger"]
[Date "2022.07.30"]
[Round "8.8"]
[White "Nandin-Erdene, Davaademberel"]
[Black "Szarvas, Nora Orsolya"]
[Result "1-0"]
[ECO "B56"]
[WhiteElo "1789"]
[BlackElo "1692"]
[Annotator "NA RC COMBH"]
[PlyCount "107"]
[EventDate "2022.07.21"]
[EventType "tourn"]
[EventCountry "HUN"]
[SourceTitle "playchess.com"]
[Source "ChessBase"]
[SourceQuality "1"]
[TimeControl "40/5400+30:1800+30"]

1. e4 c5 2. Nf3 d6 3. d4 cxd4 4. Nxd4 Nf6 5. Nc3 Nc6 6. f3 e5 7. Nb3 Be6 8. Nd5 h6 9. Be3 Rc8 10. c3 Be7 11. Qd2 O-O 12. Be2 Bxd5 13. exd5 Na5 14. O-O Nc4 15. Bxc4 Rxc4 16. Qd3 Rc8 17. Nd2 a6 18. a4 Nd7 19. a5 Bg5 20. b4 Bxe3+ 21. Qxe3 Qc7 22. c4 b6 23. axb6 Qxb6 24. Qxb6 Nxb6 25. Rfc1 Ra8 26. Nb3 Rfc8 27. Na5 f6 28. Nc6 Kf7 29. Kf2 Rc7 30. Ke3 g5 31. g4 Kg6 32. Ke4 Rd7 33. Ra5 Rb7 34. Kd3 Nd7 35. Rca1 Rb6 36. Kc3 Kf7 37. b5 Nc5 38. Nb4 e4 39. fxe4 Nxe4+ 40. Kd4 Nc5 41. R1a3 Re8 42. Nxa6 Re4+ 43. Kc3 Re3+ 44. Kd2 Re4 45. Nxc5 dxc5 46. Ra6 Rb8 47. Ra8 Rxa8 48. Rxa8 Rxc4 49. b6 Rb4 50. Ra7+ Ke8 51. b7 Kd8 52. d6 Rb6 53. Ra8+ Kd7 54. b8=Q 1-0

[Event "Hungarian Youth-ch U14 2022"]
[Site "Eger"]
[Date "2022.07.30"]
[Round "8.9"]
[White "Karacsonyi, Luca"]
[Black "Eros, Vivien"]
[Result "1-0"]
[ECO "B06"]
[WhiteElo "1789"]
[BlackElo "1599"]
[Annotator "NA RC COMBH"]
[PlyCount "75"]
[EventDate "2022.07.21"]
[EventType "tourn"]
[EventCountry "HUN"]
[SourceTitle "playchess.com"]
[Source "ChessBase"]
[SourceQuality "1"]
[TimeControl "40/5400+30:1800+30"]

1. e4 g6 2. d4 Bg7 3. Nf3 d6 4. Nc3 a6 5. Be3 b5 6. a3 Bb7 7. Bd3 Nd7 8. Qd2 e6 9. O-O Ne7 10. Ng5 c5 11. Be2 O-O 12. f4 Qc7 13. Rad1 Rfd8 14. Bf3 Rac8 15. d5 exd5 16. exd5 Nb6 17. Bg4 Nc4 18. Qc1 Nxe3 19. Qxe3 Bd4 20. Rxd4 cxd4 21. Qxd4 Qc5 22. Qxc5 Rxc5 23. Nce4 Rxc2 24. f5 h6 25. fxg6 Nxg6 26. Nxf7 Rf8 27. Be6 Kg7 28. Nexd6 Ba8 29. Nf5+ Kh7 30. Ne3 Re2 31. Ng4 Ne7 32. Nf6+ Kg6 33. Nd7 Re8 34. Rf6+ Kg7 35. Nd6 Rd8 36. Rf7+ Kg6 37. Rxe7 Bxd5 38. Bf5+ 1-0

[Event "Hungarian Youth-ch U14 2022"]
[Site "Eger"]
[Date "2022.07.30"]
[Round "8.10"]
[White "Horvath, Greta"]
[Black "Beznicza, Mira"]
[Result "0-1"]
[ECO "C11"]
[WhiteElo "1346"]
[BlackElo "1608"]
[Annotator "NA RC COMBH"]
[PlyCount "90"]
[EventDate "2022.07.21"]
[EventType "tourn"]
[EventCountry "HUN"]
[SourceTitle "playchess.com"]
[Source "ChessBase"]
[SourceQuality "1"]
[TimeControl "40/5400+30:1800+30"]

1. e4 e6 2. d4 d5 3. Nc3 Nf6 4. e5 Nfd7 5. Nce2 c5 6. c3 Nc6 7. f4 Qb6 8. Nf3 f6 9. g3 Be7 10. Bh3 Nf8 11. O-O cxd4 12. cxd4 Ng6 13. Kh1 Bd7 14. a3 a5 15. g4 h5 16. Qd3 Nf8 17. gxh5 Rxh5 18. Bg4 Rh8 19. f5 exf5 20. Bxf5 Bxf5 21. Qxf5 g6 22. Qd3 O-O-O 23. Bd2 fxe5 24. Nxe5 Nxe5 25. dxe5 Kb8 26. b4 g5 27. bxa5 Qh6 28. Rf2 Nd7 29. Rb1 Qh4 30. Rg2 Nc5 31. Qb5 Qc4 32. Qxc4 dxc4 33. Bxg5 Bxg5 34. Rxg5 Rd2 35. Rg2 Re8 36. Ng3 Rd3 37. Rc1 Rxe5 38. Rxc4 Rxa3 39. Re2 Rd5 40. h4 Rxg3 41. Rec2 Ne6 42. Rc8+ Ka7 43. Kh2 Ra3 44. R2c3 Raxa5 45. Kg3 Nc5 0-1

[Event "Hungarian Youth-ch U14 2022"]
[Site "Eger"]
[Date "2022.07.31"]
[Round "9.1"]
[White "Szakmary, Domonkos"]
[Black "Szegedy, Matyas"]
[Result "0-1"]
[ECO "B43"]
[WhiteElo "1967"]
[BlackElo "2152"]
[Annotator "RC"]
[PlyCount "84"]
[EventDate "2022.07.21"]
[EventType "tourn"]
[EventCountry "HUN"]
[SourceTitle "playchess.com"]
[Source "ChessBase"]
[SourceQuality "1"]
[TimeControl "40/5400+30:1800+30"]

1. e4 c5 2. Nf3 e6 3. d4 cxd4 4. Nxd4 a6 5. Nc3 Qc7 6. Qf3 d6 7. Be3 Nd7 8. Qg3 b5 9. Bd3 Ngf6 10. f3 h5 11. O-O-O e5 12. Nb3 Bb7 13. Rhe1 Rc8 14. Kb1 Be7 15. Rd2 Kf8 16. Qh3 b4 17. Nd5 Nxd5 18. exd5 Nf6 19. Bf5 Rd8 20. Red1 g6 21. Be4 Kg7 22. Qg3 a5 23. Qf2 Nd7 24. f4 a4 25. Nc1 f5 26. Bf3 e4 27. Be2 Ra8 28. Bd4+ Bf6 29. Bxf6+ Nxf6 30. Qd4 Bxd5 31. Qxb4 Rhb8 32. Qa3 Ra5 33. c4 Bxc4 34. Rxd6 Bd5 35. Ba6 Rc5 36. Rxf6 Kxf6 37. Qxa4 Qb6 38. Qd4+ Kf7 39. Nb3 Bxb3 40. Qd7+ Kg8 41. axb3 Qxb3 42. Qd4 Qc2+ 0-1

[Event "Hungarian Youth-ch U14 2022"]
[Site "Eger"]
[Date "2022.07.31"]
[Round "9.2"]
[White "Turcsanyi, Vince Gergo"]
[Black "Kolimar, Kristof Pal"]
[Result "1/2-1/2"]
[ECO "B42"]
[WhiteElo "2117"]
[BlackElo "2160"]
[Annotator "RC"]
[PlyCount "29"]
[EventDate "2022.07.21"]
[EventType "tourn"]
[EventCountry "HUN"]
[SourceTitle "playchess.com"]
[Source "ChessBase"]
[SourceQuality "1"]
[TimeControl "40/5400+30:1800+30"]

1. e4 c5 2. Nf3 e6 3. d4 cxd4 4. Nxd4 a6 5. Bd3 Bc5 6. Nb3 Ba7 7. Qe2 d6 8. Be3 Nc6 9. N1d2 Nf6 10. Bxa7 Rxa7 11. O-O-O e5 12. h3 O-O 13. g3 b5 14. f4 Qb6 15. Kb1 1/2-1/2

[Event "Hungarian Youth-ch U14 2022"]
[Site "Eger"]
[Date "2022.07.31"]
[Round "9.3"]
[White "Matyassy, Lazar"]
[Black "Gergely, Daniel"]
[Result "1/2-1/2"]
[ECO "B36"]
[WhiteElo "2132"]
[BlackElo "2053"]
[Annotator "NA RC"]
[PlyCount "43"]
[EventDate "2022.07.21"]
[EventType "tourn"]
[EventCountry "HUN"]
[SourceTitle "playchess.com"]
[Source "ChessBase"]
[SourceQuality "1"]
[TimeControl "40/5400+30:1800+30"]

1. e4 c5 2. Nf3 Nc6 3. d4 cxd4 4. Nxd4 g6 5. c4 Nf6 6. Nc3 d6 7. Be2 Bg7 8. Be3 O-O 9. f3 Bd7 10. Qd2 Nxd4 11. Bxd4 a5 12. g4 a4 13. O-O-O Qa5 14. h4 Rfc8 (14... Be6 $1 $11) 15. g5 Nh5 16. Bxg7 (16. Nd5 $14 {is superior.} Qd8 17. Bxg7 Nxg7 18. Qe3) 16... Nxg7 (16... Kxg7 $11 17. Qd4+ Kg8) 17. Nd5 $14 Re8 18. Qe3 Be6 19. h5 Bxd5 20. Rxd5 Qa7 21. Qxa7 Rxa7 22. f4 1/2-1/2

[Event "Hungarian Youth-ch U14 2022"]
[Site "Eger"]
[Date "2022.07.31"]
[Round "9.4"]
[White "Csernyik, Mark"]
[Black "Megyaszai, Balazs"]
[Result "1/2-1/2"]
[ECO "B90"]
[WhiteElo "2022"]
[BlackElo "1919"]
[Annotator "NA RC"]
[PlyCount "67"]
[EventDate "2022.07.21"]
[EventType "tourn"]
[EventCountry "HUN"]
[SourceTitle "playchess.com"]
[Source "ChessBase"]
[SourceQuality "1"]
[TimeControl "40/5400+30:1800+30"]

1. e4 c5 2. Nf3 d6 3. d4 cxd4 4. Nxd4 Nf6 5. Nc3 a6 6. f3 e5 7. Nb3 Be6 8. Be3 h5 9. Qd2 Nbd7 10. Nd5 {[%emt 0:00:32] 10.Nd5 scores better than 10.0-0-0.} Bxd5 11. exd5 g6 12. Be2 Bg7 13. O-O O-O 14. c4 Rc8 {[%emt 0:24:56] [#]} (14... b6 $11 {remains equal.}) 15. Na5 $1 Qc7 {[%emt 0:06:59] [#]} 16. b4 $1 b6 {[%emt 0:24:10] [#]} 17. Nc6 $146 ({Predecessor:} 17. Nb3 h4 18. Rac1 Qb7 19. a4 Rb8 20. Rfd1 Nh5 21. Rb1 h3 22. a5 Nf4 23. g3 Nxe2+ 24. Qxe2 {½-½ (67) Wang,H (2484)-Chen,F (2354) Jinan 2005}) 17... Kh7 (17... Rfe8 $16 {was worth a try.}) 18. Rac1 Qb7 19. a4 Nb8 20. Nxb8 (20. b5 $16) 20... Qxb8 21. g4 Qb7 {[%emt 0:04:40] [#]} 22. h3 (22. g5 $142 $1 Nd7 23. a5) 22... Rfe8 23. Bg5 (23. Qe1 $14) 23... hxg4 24. hxg4 Kg8 25. Kg2 $11 Nh7 26. Bh6 Bh8 27. Bd3 Qd7 28. Qc2 Nf6 29. Rce1 Nxg4 30. fxg4 Qxg4+ 31. Kh1 Qh3+ 32. Kg1 Qxh6 33. Re2 e4 34. Rxe4 1/2-1/2

[Event "Hungarian Youth-ch U14 2022"]
[Site "Eger"]
[Date "2022.07.31"]
[Round "9.5"]
[White "Giang, Tran Nam"]
[Black "Bodrogi, Bendeguz"]
[Result "1/2-1/2"]
[ECO "B32"]
[WhiteElo "2144"]
[BlackElo "2170"]
[Annotator "RC"]
[PlyCount "32"]
[EventDate "2022.07.21"]
[EventType "tourn"]
[EventCountry "HUN"]
[SourceTitle "playchess.com"]
[Source "ChessBase"]
[SourceQuality "1"]
[TimeControl "40/5400+30:1800+30"]

1. e4 c5 2. Nf3 Nc6 3. d4 cxd4 4. Nxd4 e5 5. Nb5 d6 6. N1c3 a6 7. Na3 Be7 8. Nc4 b5 9. Ne3 Nf6 10. g3 b4 11. Ncd5 Nxe4 12. Bg2 f5 13. g4 Bh4 14. O-O Bxf2+ 15. Rxf2 Nxf2 16. Kxf2 fxg4 1/2-1/2

[Event "Hungarian Youth-ch U14 2022"]
[Site "Eger"]
[Date "2022.07.31"]
[Round "9.6"]
[White "Beznicza, Mira"]
[Black "Lazsadi, Kerka Lilla"]
[Result "1/2-1/2"]
[ECO "B07"]
[WhiteElo "1608"]
[BlackElo "1674"]
[Annotator "NA RC"]
[PlyCount "43"]
[EventDate "2022.07.21"]
[EventType "tourn"]
[EventCountry "HUN"]
[SourceTitle "playchess.com"]
[Source "ChessBase"]
[SourceQuality "1"]
[TimeControl "40/5400+30:1800+30"]

1. e4 d6 2. d4 Nf6 3. Nc3 c6 4. Be3 Qc7 5. f3 e5 6. Bc4 Nbd7 7. Nge2 b5 8. Bd3 a6 9. g4 Be7 10. h4 b4 11. Nb1 exd4 12. Nxd4 Ne5 13. Be2 c5 14. Nf5 Bxf5 15. exf5 Qb7 16. Rg1 Nd5 17. Bf2 Nf4 18. Nd2 Nh3 19. Rh1 Nf4 20. Rg1 Nh3 21. Rh1 Nf4 22. Rg1 1/2-1/2

[Event "Hungarian Youth-ch U14 2022"]
[Site "Eger"]
[Date "2022.07.31"]
[Round "9.7"]
[White "Eros, Vivien"]
[Black "Horvath, Greta"]
[Result "1-0"]
[ECO "A22"]
[WhiteElo "1599"]
[BlackElo "1346"]
[Annotator "NA RC"]
[PlyCount "97"]
[EventDate "2022.07.21"]
[EventType "tourn"]
[EventCountry "HUN"]
[SourceTitle "playchess.com"]
[Source "ChessBase"]
[SourceQuality "1"]
[TimeControl "40/5400+30:1800+30"]

1. c4 e5 2. Nc3 Nf6 3. g3 d5 4. cxd5 Nxd5 5. Nf3 Nc6 6. Bg2 Be6 7. O-O Be7 8. Qa4 O-O 9. d3 Nb6 10. Qc2 f6 11. Bd2 Nb4 12. Qb1 Qd7 13. a3 Nc6 14. b4 Nd4 15. Nxd4 exd4 16. Ne4 Nd5 17. Qb2 b6 18. Rac1 f5 19. Ng5 Bxg5 20. Bxg5 h6 21. Bd2 Rad8 22. Qxd4 Qf7 23. Qb2 Nf6 24. Bf4 Rd7 25. Rc2 Bd5 26. Bxd5 Nxd5 27. Bd2 Rc8 28. Rfc1 f4 29. Qa2 f3 30. e4 Nf6 31. Qxf7+ Kxf7 32. Rc3 Nxe4 33. dxe4 Rxd2 34. Rxf3+ Kg8 35. Rfc3 Rd7 36. e5 Re7 37. f4 Kf7 38. Kf2 Rd7 39. Ke3 Ke6 40. Ke4 Ke7 41. f5 Kf8 42. e6 Re7 43. Ke5 Ke8 44. g4 Kf8 45. h4 a6 46. g5 h5 47. f6 gxf6+ 48. gxf6 Rh7 49. e7+ 1-0

[Event "Hungarian Youth-ch U14 2022"]
[Site "Eger"]
[Date "2022.07.31"]
[Round "9.8"]
[White "Szarvas, Nora Orsolya"]
[Black "Karacsonyi, Luca"]
[Result "1/2-1/2"]
[ECO "C50"]
[WhiteElo "1692"]
[BlackElo "1789"]
[Annotator "NA RC"]
[PlyCount "32"]
[EventDate "2022.07.21"]
[EventType "tourn"]
[EventCountry "HUN"]
[SourceTitle "playchess.com"]
[Source "ChessBase"]
[SourceQuality "1"]
[TimeControl "40/5400+30:1800+30"]

1. e4 e5 2. Nf3 Nc6 3. Nc3 Bc5 4. Bc4 Nf6 5. d3 O-O 6. O-O d6 7. h3 a6 8. a3 Bd7 9. Re1 h6 10. Bd2 Re8 11. Qe2 Qe7 12. Rad1 Rad8 13. Rc1 Na5 14. Ba2 Nc6 15. Bc4 Na5 16. Ba2 Nc6 1/2-1/2

[Event "Hungarian Youth-ch U14 2022"]
[Site "Eger"]
[Date "2022.07.31"]
[Round "9.9"]
[White "Balazs, Sztella Anna"]
[Black "Nandin-Erdene, Davaademberel"]
[Result "1-0"]
[ECO "B15"]
[WhiteElo "1663"]
[BlackElo "1789"]
[Annotator "NA RC"]
[PlyCount "113"]
[EventDate "2022.07.21"]
[EventType "tourn"]
[EventCountry "HUN"]
[SourceTitle "playchess.com"]
[Source "ChessBase"]
[SourceQuality "1"]
[TimeControl "40/5400+30:1800+30"]

1. e4 c6 2. d4 d5 3. Nc3 dxe4 4. Nxe4 Nf6 5. Nxf6+ exf6 6. c3 Bd6 7. Bd3 O-O 8. Qc2 Re8+ 9. Ne2 h5 10. O-O h4 11. Bf4 Be6 12. Bxd6 Qxd6 13. f4 Bg4 14. Rae1 Nd7 15. Bf5 Bh5 16. g4 hxg3 17. Nxg3 Rxe1 18. Rxe1 Bf3 19. Qf2 Bd5 20. Nh5 Nf8 21. Qg3 Ng6 22. Bxg6 fxg6 23. Qxg6 Qf8 24. Kf2 Qf7 25. Rg1 Qxg6 26. Rxg6 Kf8 27. Rxg7 Bf7 28. Rh7 Ke7 29. Ng3 Ke6 30. f5+ Ke7 31. Ne4 Rf8 32. b3 b6 33. h4 Rd8 34. Ke3 Rd5 35. Kf4 Ra5 36. a4 Kf8 37. b4 Rxa4 38. Nxf6 a5 39. Nd7+ Kg8 40. Nxb6 Ra1 41. Rh6 a4 42. Nxa4 Rxa4 43. Rxc6 Ra1 44. b5 Rb1 45. b6 Rb5 46. c4 Rb4 47. Ke4 Rb1 48. d5 Kg7 49. d6 Kf6 50. c5 Rb4+ 51. Kd3 Ke5 52. Rc7 Kf6 53. d7 Ke7 54. d8=Q+ Kxd8 55. Rxf7 Rxh4 56. c6 Rb4 57. b7 1-0

[Event "Hungarian Youth-ch U14 2022"]
[Site "Eger"]
[Date "2022.07.31"]
[Round "9.10"]
[White "Toth, Timea"]
[Black "Kovacs, Reka"]
[Result "1/2-1/2"]
[ECO "B22"]
[WhiteElo "1964"]
[BlackElo "1716"]
[Annotator "NA RC"]
[PlyCount "84"]
[EventDate "2022.07.21"]
[EventType "tourn"]
[EventCountry "HUN"]
[SourceTitle "playchess.com"]
[Source "ChessBase"]
[SourceQuality "1"]
[TimeControl "40/5400+30:1800+30"]

1. e4 c5 2. c3 d5 3. exd5 Qxd5 4. d4 cxd4 5. cxd4 Nc6 6. Nf3 e5 7. Nc3 Bb4 8. a3 Bxc3+ ({Don't play} 8... Qe4+ 9. Qe2 Bxc3+ 10. bxc3 Qxe2+ 11. Bxe2 $14) 9. bxc3 exd4 10. cxd4 Bg4 11. Be2 Nge7 12. O-O O-O 13. Be3 Rfd8 14. Qd2 $15 Qd7 15. Rfd1 Nd5 16. Rac1 Qd6 17. Qd3 Bh5 18. Ra1 Bg6 19. Qd2 Nf6 20. Bd3 Be4 21. Be2 Nd5 22. Ng5 Bg6 23. Nf3 Rac8 24. Bd3 Bxd3 25. Qxd3 Qg6 26. Qxg6 hxg6 27. Rd3 Nce7 28. h3 Nf5 29. Re1 Rc3 30. Rxc3 Nxc3 31. g4 Nd6 32. Kf1 Nd5 33. Rc1 Nxe3+ 34. fxe3 Kf8 35. Ne5 Ke7 36. Rc7+ Ke6 37. a4 Rc8 38. Rxc8 Nxc8 39. Ke2 Ne7 40. Kd3 f6 41. Nc4 Nd5 42. Nd2 g5 1/2-1/2